 Dungeon Crawl Stone Soup version 0.27-a0-1302-g7736ffe575 (webtiles) character file.

Game seed: 8493620149875492413

10287 xitpu the Covert (level 11, -10/81 HPs)
             Began as a Vampire Brigand on June 18, 2021.
             Was a Believer of Makhleb.
             Killed from afar by Aizul (41 damage)
             ... with a poison arrow
             ... on level 1 of the Snake Pit.
             The game lasted 01:20:46 (11838 turns).

xitpu the Covert (Vampire Brigand)                 Turns: 11838, Time: 01:20:46

Health: -10/81     AC: 11    Str: 17    XL:     11   Next: 34%
Magic:  11/11      EV: 22    Int: 14    God:    Makhleb [**....]
Gold:   522        SH:  0    Dex: 24    Spells: 7/10 levels left

rFire    . . .     SeeInvis +   M - +5 dagger (drain)
rCold    + . .     Faith    .   (no shield)
rNeg     . . .     Spirit   .   k - +0 leather armour
rPois    .         Reflect  .   (helmet restricted)
rElec    .         Harm     .   y - +0 cloak
rCorr    +         Rampage  .   n - +2 pair of gloves {Stlth+}
Will     +....     Clarity  +   h - +1 pair of boots
Stlth    +++++++...             f - amulet of magic regeneration
HPRegen  0.43/turn              b - +6 ring of strength
MPRegen  0.37/turn              Q - ring of Fyaciav {rCorr Dex+6}

@: lethally poisoned (-10 -> -48), marked, healing quickly
A: alive, fangs 3, see invisible, vampiric 2, horns 1, iridescent scales 1,
clarity, cold resistance 1, sense surroundings 1, wild magic 1, sturdy frame 2
a: Exsanguinate, Renounce Religion, Minor Destruction


You were on level 1 of the Snake Pit.
You worshipped Makhleb.
Makhleb was pleased with you.
You visited 4 branches of the dungeon, and saw 12 of its levels.

You collected 571 gold pieces.
You spent 49 gold pieces at shops.

Inventory:

Hand Weapons
 a - a +3 dagger of freezing
 i - a +2 hunting sling of freezing
 l - a +0 dagger of venom
 M - a +5 dagger of draining (weapon)
 N - a +0 dagger of speed
 O - a +1 antimagic war axe
Missiles
 d - 58 poisoned darts (quivered)
 e - 2 curare-tipped darts
 g - 122 stones
 j - 6 atropa-tipped darts
 p - 34 arrows
 r - 42 bolts
Armour
 h - a +1 pair of boots (worn)
 k - a +0 leather armour (worn)
 n - a +2 pair of gloves of stealth (worn)
 s - a +0 scale mail of fire resistance
 y - a +0 cloak (worn)
 F - a +0 helmet
Jewellery
 b - a +6 ring of strength (left hand)
 f - an amulet of magic regeneration (around neck)
 m - a ring of protection from cold
 v - a ring of positive energy
 E - a ring of positive energy
 G - a ring of magical power
 Q - the ring of Fyaciav (right hand) {rCorr Dex+6}
   (You acquired it on level 5 of the Dungeon)

   [ring of dexterity]

   It affects your dexterity (+6).
   It protects you from acid and corrosion.
 T - a ring of positive energy
Scrolls
 o - 11 scrolls of identify
 u - a scroll of noise
 D - a scroll of magic mapping
 P - 3 scrolls of teleportation
 V - a scroll of brand weapon
Potions
 c - 2 potions of degeneration
 q - 3 potions of haste
 t - a potion of berserk rage
 z - 2 potions of flight


   Skills:
 + Level 6.1 Fighting
 + Level 10.4 Short Blades
 + Level 1.7 Throwing
 + Level 1.0 Armour
 + Level 11.3 Dodging
 + Level 14.3 Stealth
 + Level 0.3 Spellcasting
 + Level 1.1 Summonings


You had 7 spell levels left.
You knew the following spells:

 Your Spells              Type           Power      Damage    Failure   Level
a - Call Imp              Summ           4%         N/A       34%         2
b - Magic Dart            Conj           0%         1d3       36%         1

Your spell library contained the following spells:

 Spells                   Type           Power      Damage    Failure   Level
 Summon Small Mammal      Summ           16%        N/A       26%         1
 Foxfire                  Conj/Fire      0%         2x1d4     36%         1
 Searing Ray              Conj           0%         3d3       50%         2
 Call Canine Familiar     Summ           4%         N/A       56%         3
 Summon Guardian Golem    Hex/Summ       2%         N/A       65%         3
 Conjure Flame            Conj/Fire      0%         6-21      73%         3
 Dazzling Flash           Conj/Hex       0%         N/A       73%         3
 Inner Flame              Hex/Fire       0%         N/A       73%         3
 Summon Ice Beast         Ice/Summ       2%         N/A       95%         4
 Summon Lightning Spire   Summ/Air       2%         N/A       95%         4
 Fulminant Prism          Conj/Hex       0%         3d6       98%         4
 Iskenderun's Mystic Bla  Conj/Tloc      0%         2d3       98%         4
 Sticky Flame             Conj/Fire      0%         2d3       98%         4
 Fireball                 Conj/Fire      0%         3d3       100%        5


Dungeon Overview and Level Annotations

Branches:
Dungeon (8/15)             Temple (1/1) D:5            Lair (2/6) D:8
  Snake (1/4) Lair:2
  Swamp: Lair:2-4    Shoals: Lair:2-4

Altars:
Ashenzari
Cheibriados
Dithmenos
Elyvilon
Fedhas
Gozag
Hepliaklqana
Kikubaaqudgha
Makhleb
Nemelex Xobeh
Okawaru
Qazlal
Ru
Sif Muna
Trog
Vehumet
Wu Jian
Xom
Yredelemnul
Zin
The Shining One

Shops:
D:2 :   D:3 [

Annotations:
D:7 exclusion: oklob plant
D:8 exclusion: 2 oklob plants
Snake:1 Aizul


Innate Abilities, Weirdness & Mutations

Your natural rate of healing is accelerated.
You have razor-sharp teeth.
You have supernaturally acute eyesight. (SInv)
You are afflicted with vampirism and can become a bat while bloodless.
You have a pair of small horns on your head.
You are partially covered in iridescent scales. (AC +2)
You possess an exceptional clarity of mind.
Your flesh is cold resistant. (rC+)
You passively map a small area around you.
Your spells are a little harder to cast, but a little more powerful.
Your movements are less encumbered by armour. (ER -4)


Message History

The black mamba bites you!
Your shock serpent shoots out a bolt of lightning at the black mamba!
The bolt of electricity hits the black mamba!!
The black mamba misses your shock serpent.
Found 18 arrows.
Your shock serpent bites the black mamba.
Your shock serpent shocks the black mamba!
The black mamba dies!
Makhleb accepts your kill.
You swap places.
You hear a shout!
You hear an angry hiss.
Your shock serpent dissolves into shadows!
You swap places.
Aizul the Neglectful Guardian comes into view.
A black mamba comes into view. x2
The black mamba bites you!
You are poisoned.
The black mamba poisons you! Aizul hits you. The black mamba bites you.
Aizul barely misses you.
Number of times to repeat, then command key: You must enter the number of times for the command to repeat.
You feel very sick.
Your naga dissolves into shadows!
Aizul coils herself and waves her upper body at you.
The bolt of poison hits the black mamba.
The bolt of poison misses you. The black mamba closely misses you.
The black mamba completely misses you.
You feel very sick.
Aizul says, "Feeling sleepy?"
You feel sick. The black mamba bites you!
You feel sick. Aizul casts a spell at you. The bolt of poison hits you!
You are more poisoned.
The black mamba closely misses you.
You feel very sick. Aizul casts a spell at you. The poison arrow hits you!!!
You are lethally poisoned!
Ouch! That really hurt!
You die...

#........# , , , # #
#........## , *# ##.
#.†.......## , ,, #
#... #..........###
, #
.....#.....[......#
##
.........S#######.#
#. ,.##.....(.S###
#.##########.
##...###...##
#............ ,
#..##
##S@.###...........#
#..
##.........########
* ##. #.....##### #.
#.##..# ######.# *##


You could see Aizul and 2 black mambas.

Vanquished Creatures
  5 black mambas
  4 cane toads
  Joseph (D:8)
  4 komodo dragons
  Psyche (D:8)
  A hornet (D:8)
  2 polar bears
  6 blink frogs
  6 yaks (Lair:1)
  2 basilisks
  A steam dragon (D:6)
  7 water moccasins
  3 black bears
  An orc warrior (D:7)
  A necrophage (D:5)
  2 ogres (D:5)
  An ice beast (D:8)
  A wolf (D:8)
  A kobold brigand (D:6)
  5 bullfrogs
  2 water moccasin zombies (D:5)
  A water moccasin skeleton (D:5)
  A howler monkey (D:8)
  A bullfrog zombie (D:5)
  A centaur zombie (D:8)
  A jelly (D:6)
  A centaur skeleton (D:6)
  2 orc priests
  5 hounds
  2 iguanas
  2 orc wizards (D:8)
  A killer bee zombie (D:8)
  Robin (D:4)
  4 gnolls (D:4)
  3 adders
  A shadow imp (D:7)
  4 white imps
  An ufetubus (D:6)
  3 adder skeletons
  A worm (D:4)
  5 dart slugs
  13 orcs
  2 endoplasms
  4 giant cockroaches
  12 goblins
  5 hobgoblins
  15 jackals
  7 kobolds
  2 quokkas
  6 ball pythons
  13 bats
  9 frilled lizards
  3 rats
  A bush (D:3)
190 creatures vanquished.

Vanquished Creatures (collateral kills)
  A black mamba (Snake:1)
1 creature vanquished.

Vanquished Creatures (others)
  A white imp (D:7)
  A wandering mushroom (D:7)
  A butterfly (D:6)
  3 fungi
  A plant (Lair:1)
7 creatures vanquished.

Grand Total: 198 creatures vanquished

Notes
Turn   | Place    | Note
-------+----------+-------------------------------------------
     0 | D:1      | xitpu the Vampire Brigand began the quest for the Orb.
     0 | D:1      | Reached XP level 1. HP: 16/16 MP: 1/1
   176 | D:1      | Reached skill level 6 in Stealth
   387 | D:1      | Reached XP level 2. HP: 13/22 MP: 2/2
   625 | D:1      | Gained mutation: Your spells are a little harder to cast,
                  | but a little more powerful. [potion of mutation]
   625 | D:1      | Gained mutation: Your muscles are strong. (Str +2) [potion
                  | of mutation]
   625 | D:1      | Gained mutation: You evolve. [potion of mutation]
   625 | D:1      | Gained mutation: You passively map a small area around you.
                  | [potion of mutation]
  1138 | D:2      | Gained mutation: You are afflicted with vampirism and can
                  | become a bat while bloodless. [Vampire growth]
  1138 | D:2      | Reached XP level 3. HP: 26/27 MP: 3/3
  1151 | D:2      | Reached skill level 7 in Stealth
  1267 | D:2      | Found Nischel's Book Shop.
  1318 | D:2      | Found a shadowy altar of Dithmenos.
  1390 | D:2      | Gained mutation: Your movements are slightly less
                  | encumbered by armour. (ER -2) [evolution]
  2356 | D:3      | Reached XP level 4. HP: 29/29 MP: 4/4
  2378 | D:3      | Reached skill level 1 in Armour
  2528 | D:3      | Found a faded altar of an unknown god.
  2656 | D:3      | Lost mutation: Your muscles are strong. (Str +2) [potion of
                  | mutation]
  2656 | D:3      | Gained mutation: You are partially covered in iridescent
                  | scales. (AC +2) [potion of mutation]
  2656 | D:3      | Gained mutation: Your mind is acute. (Int +2) [potion of
                  | mutation]
  2656 | D:3      | Lost mutation: Your mind is acute. (Int +2) [potion of
                  | mutation]
  2656 | D:3      | Gained mutation: Your movements are less encumbered by
                  | armour. (ER -4) [potion of mutation]
  3097 | D:3      | Found Ixiragg's Armour Shop.
  3162 | D:3      | Bought a +0 helmet for 49 gold pieces
  3290 | D:3      | Found a blossoming altar of Fedhas.
  3290 | D:3      | Found a bloodstained altar of Trog.
  3390 | D:3      | Became a worshipper of Fedhas Madash
  3390 | D:3      | Reached * piety under Fedhas
  4251 | D:4      | Reached skill level 8 in Stealth
  4260 | D:4      | Reached XP level 5. HP: 30/30 MP: 5/5
  4735 | D:4      | Noticed Robin
  4873 | D:4      | Reached ** piety under Fedhas
  4885 | D:4      | Killed Robin
  4973 | D:4      | Gained mutation: You possess an exceptional clarity of
                  | mind. [evolution]
  5301 | D:4      | Found a burning altar of Makhleb.
  5310 | D:4      | Fell from the grace of Fedhas
  5310 | D:4      | Became a worshipper of Makhleb the Destroyer
  5341 | D:5      | Entered Level 5 of the Dungeon
  5369 | D:5      | Noticed a phantom
  5475 | D:5      | Found a staircase to the Ecumenical Temple.
  5499 | D:5      | Reached XP level 6. HP: 35/35 MP: 6/6
  5756 | D:5      | Reached skill level 5 in Short Blades
  5756 | D:5      | Reached skill level 9 in Stealth
  5756 | D:5      | Reached XP level 7. HP: 33/51 MP: 7/7
  5880 | D:5      | Gained mutation: You have a pair of small horns on your
                  | head. [evolution]
  5977 | D:5      | Identified a scroll of acquirement
  5977 | D:5      | Acquired the ring of Fyaciav {rCorr Dex+6}
  5985 | D:5      | Found a hazy altar of Hepliaklqana.
  6450 | Temple   | Entered the Ecumenical Temple
  6841 | D:6      | Reached XP level 8. HP: 56/57 MP: 8/8
  6930 | D:6      | Reached * piety under Makhleb
  6931 | D:6      | Reached skill level 5 in Dodging
  6931 | D:6      | Reached skill level 10 in Stealth
  7742 | D:7      | Noticed a wandering mushroom
  7742 | D:7      | Noticed an oklob plant
  8164 | D:7      | You fall into a shaft and drop 1 floor!
  8165 | D:8      | Noticed Joseph
  8211 | D:8      | Killed Joseph
  8212 | D:8      | Reached skill level 11 in Stealth
  8345 | D:8      | Reached XP level 9. HP: 54/64 MP: 9/9
  8536 | D:8      | HP: 4/97 [poisoned by an orc wizard]
  8543 | D:8      | HP: 4/97 [poisoned by an orc wizard]
  8548 | D:8      | HP: 2/97 [poisoned by an orc wizard]
  8815 | D:8      | Noticed a fire dragon
  8828 | D:8      | Noticed a polar bear
  8869 | D:8      | Noticed Psyche
  8885 | D:7      | Killed a polar bear
  9278 | D:7      | You fall into a shaft and drop 1 floor!
  9289 | D:8      | Killed Psyche
  9290 | D:8      | Reached skill level 12 in Stealth
  9532 | D:8      | Found a staircase to the Lair.
  9533 | D:8      | Noticed a polar bear
  9558 | D:8      | Killed a polar bear
  9714 | D:8      | Noticed an oklob plant
  9714 | D:8      | Noticed a wandering mushroom
  9714 | D:8      | Noticed an oklob plant
  9714 | D:8      | Noticed an oklob plant
  9714 | D:8      | Noticed a wandering mushroom
  9714 | D:8      | Noticed a wandering mushroom
  9714 | D:8      | Noticed a wandering mushroom
  9788 | Lair:1   | Entered Level 1 of the Lair of Beasts
  9851 | Lair:1   | Learned a level 2 spell: Call Imp
  9853 | Lair:1   | Learned a level 1 spell: Magic Dart
  9861 | Lair:1   | Gained mutation: Your flesh is cold resistant. (rC+)
                  | [evolution]
  9861 | Lair:1   | Lost mutation: You evolve. [end of evolution]
  9926 | Lair:1   | Noticed a komodo dragon
  9934 | Lair:1   | Noticed a black mamba
  9974 | Lair:1   | Noticed a komodo dragon
  9994 | Lair:1   | Killed a komodo dragon
 10080 | Lair:1   | Noticed a komodo dragon
 10087 | Lair:1   | Killed a komodo dragon
 10146 | Lair:1   | Noticed a cane toad
 10155 | Lair:1   | Killed a cane toad
 10156 | Lair:1   | Reached XP level 10. HP: 73/73 MP: 10/10
 10236 | Lair:1   | Reached ** piety under Makhleb
 10296 | Lair:1   | Reached skill level 5 in Fighting
 10312 | Lair:1   | Reached skill level 10 in Dodging
 10559 | Lair:1   | Noticed a black mamba
 10575 | Lair:1   | Killed a black mamba
 10576 | Lair:1   | Reached skill level 13 in Stealth
 10680 | Lair:1   | Killed a black mamba
 10845 | Lair:1   | Noticed a black mamba
 10867 | Lair:1   | Killed a black mamba
 11073 | Lair:2   | Reached skill level 10 in Short Blades
 11129 | Lair:2   | Noticed a cane toad
 11129 | Lair:2   | Noticed a black mamba
 11130 | Lair:2   | Noticed a black mamba
 11139 | Lair:2   | Killed a cane toad
 11145 | Lair:2   | Killed a black mamba
 11146 | Lair:2   | Reached XP level 11. HP: 81/81 MP: 11/11
 11300 | Lair:2   | Reached skill level 14 in Stealth
 11353 | Lair:2   | Found a staircase to the Snake Pit.
 11643 | Lair:2   | Reached skill level 1 in Summonings
 11737 | Snake:1  | Entered Level 1 of the Snake Pit
 11829 | Snake:1  | Noticed Aizul
 11838 | Snake:1  | Killed from afar by Aizul

Illustrated notes

Levels and vault maps discovered:
D:1:      shiori_arrival_elements, layout_loops_ring, minmay_pentomino_s2
D:2:      layout_rooms, basic_altar, serial_shops, nicolae_diamond_shop,
          minmay_misc_feat_columns, minmay_ruptured
D:3:      layout_loops_ring, gammafunk_temple_overflow_wave, serial_shops,
          nicolae_shop_waterfront, serial_forest,
          infiniplex_forest_clump_medium, infiniplex_forest_lined_corner,
          infiniplex_forest_lined_2, infiniplex_forest_3_way,
          basic_ecumenical_altar, kennysheep_generic_room_6
D:4:      layout_gridville, makhleb_blood_cavern_becter, uniq_robin
D:5:      layout_loops_ring, lemuel_doored_altar, minmay_temple_entry_mist
D:6:      black_bear_nest_2, layout_rooms, nicolae_elyvilon_peaceful_grove
D:7:      layout_loops_ring
D:8:      layout_cave_pools, minmay_lair_entry_lava, serial_ice, serial_ice_g,
          serial_ice_m, serial_ice_j, serial_ice_b, serial_ice_n, serial_ice_c,
          uniq_joseph, uniq_psyche
Temple:   regret_index_temple_sphere_string
Lair:1:   statuecave_lemuel, layout_hall_layers
Lair:2:   nzn_winding_woodlands_medium [nzn_winding_woodlands_5x5_default,
          nzn_winding_woodlands_5x15_longhouse, nzn_winding_woodlands_5x5_three,
          nzn_winding_woodlands_5x5_closed_star,
          nzn_winding_woodlands_center_pierced_h,
          nzn_winding_woodlands_5x5_open_star,
          nzn_winding_woodlands_5x5_checkerboard,
          nzn_winding_woodlands_5x15_default,
          nzn_winding_woodlands_5x5_perimeter], layout_regular_city,
          dummy_snake_entry, nicolae_lair_grove_arrangements,
          beast_lair_carwin_9
Snake:1:  layout_layer_cave, drop_trap, nicolae_large_snake_swirl, uniq_louise,
          uniq_aizul

Skill      XL: |  1  2  3  4  5  6  7  8  9 10 11 |
---------------+----------------------------------+-----
Stealth        | 6 7 8 9 11 12 13 14 | 14.3
Short Blades   | 3 4 5 6 7 9 10 | 10.4
Armour         | 1 |  1.0
Fighting       | 2 3 4 5 6 |  6.1
Dodging        | 2 3 4 6 9 10 11 | 11.3
Summonings     | 1 |  1.1
Throwing       | |  1.7
Spellcasting   | |  0.3

Action                   |  1- 3 |  4- 6 |  7- 9 | 10-12 || total
-------------------------+-------+-------+-------+-------++-------
Melee: Dagger            |   275 |   206 |   437 |   214 ||  1132
       Bite              |    40 |    18 |    77 |    41 ||   176
       Headbutt          |       |       |   127 |    65 ||   192
Throw: Dart              |     1 |       |       |       ||     1
 Cast: Call Imp          |       |       |       |     1 ||     1
 Abil: Exsanguinate      |     1 |     1 |       |       ||     2
       Revivify          |     1 |     1 |       |       ||     2
       End Transformatio |       |     1 |       |       ||     1
       Bat Form          |       |     1 |       |       ||     1
  Use: Scroll            |     5 |     6 |     8 |     3 ||    22
       Potion            |     9 |     2 |     7 |       ||    18
 Stab: Sleeping          |    14 |     8 |    13 |     6 ||    41
Armor: Leather armour    |    58 |    96 |   118 |    31 ||   303
       Skin              |       |     4 |       |       ||     4
Dodge: Dodged            |    91 |   125 |   323 |   164 ||   703

Table legend: (Time is in decaauts)
 A = Elapsed time spent in this place.
 B = Non-inter-level travel time spent in this place.
 C = Inter-level travel time spent in this place.
 D = Time resting spent in this place.
 E = Time spent auto-exploring this place.
 F = Levels seen in this place.
 G = Mean time per level.
                   A        B        C        D        E       F      G
               +--------+--------+--------+--------+--------+-----+--------+
         Total |  11503 |  11453 |     50 |   2964 |      0 |  12 |  958.6 |
       Dungeon |   9388 |   9366 |     22 |   2381 |      0 |   8 | 1173.5 |
        Temple |    184 |    156 |     28 |      0 |      0 |   1 |  184.0 |
          Lair |   1829 |   1829 |      0 |    583 |      0 |   2 |  914.5 |
     Snake Pit |    100 |    100 |      0 |      0 |      0 |   1 |  100.0 |
               +--------+--------+--------+--------+--------+-----+--------+

Top non-repeatable levels by time:
     D:3: 1851 daAuts
     D:4: 1624 daAuts
     D:7: 1382 daAuts
     D:5: 1244 daAuts
  Lair:1: 1172 daAuts
     D:1: 1061 daAuts
     D:8: 946 daAuts
     D:2: 717 daAuts
  Lair:2: 657 daAuts
     D:6: 559 daAuts
  Temple: 184 daAuts
 Snake:1: 100 daAuts
